 Dungeon Crawl Stone Soup version 0.23.2-1-ga50397a (webtiles) character file.

Game seed: 8682972758830909454

4 MalarOregon the Grasshopper (level 1, -3/18 HPs)
             Began as a Ghoul Warper on May 26, 2019.
             Slain by a hobgoblin (4 damage)
             ... on level 1 of the Dungeon.
             The game lasted 00:00:20 (51 turns).

MalarOregon the Grasshopper (Ghoul Warper)            Turns: 51, Time: 00:00:21

Health: -3/18      AC:  3    Str: 14    XL:     1   Next: 70%
Magic:  2/2        EV: 11    Int:  8    God:
Gold:   0          SH:  0    Dex:  8    Spells: 3/3 levels left

rFire    . . .     SeeInvis .   a - +0 falchion
rCold    + . .     Gourm    .   (no shield)
rNeg     + + +     Faith    .   b - +0 leather armour
rPois    ∞         Spirit   .   (no helmet)
rElec    .         Reflect  .   (no cloak)
rCorr    .         Harm     .   (no gloves)
MR       .....                  (no boots)
Stlth    +.........             (no amulet)
HPRegen  0.00/turn              (no ring)
MPRegen  0.08/turn              (no ring)

@: rotting
A: rotting body, claws 1, carnivore, cold resistance 1, negative energy
resistance 3, inhibited regeneration, torment resistance, unbreathing
a: no special abilities


You were on level 1 of the Dungeon.
You were not hungry.

You visited 1 branch of the dungeon, and saw 1 of its levels.

Inventory:

Hand Weapons
 a - a +0 falchion (weapon)
Missiles
 f - 5 tomahawks of dispersal (quivered) {!f}
Armour
 b - a +0 leather armour (worn)
Scrolls
 c - a scroll of identify {unknown}
 d - a scroll of blinking
 g - a scroll of random uselessness {unknown}
Comestibles
 e - a ration {!d}


   Skills:
 + Level 2.3 Fighting
 * Level 2.0 Long Blades
 - Level 0.8 Throwing
 - Level 0.8 Armour
 + Level 1.8 Dodging
 - Level 1.7 Spellcasting
   Level 2.6 Translocations


You had 3 spell levels left.
You didn't know any spells.
Your spell library contained the following spells:

 Spells                   Type           Power        Failure   Level  Hunger
 Blink                    Tloc           N/A          22%         2    ###....
 Shroud of Golubria       Chrm/Tloc      #.........   36%         2    ###....
 Gell's Gravitas          Tloc           #.........   41%         3    ####...
 Lesser Beckoning         Tloc           #.........   41%         3    ####...
 Teleport Other           Tloc           #.......     41%         3    ####...
 Passage of Golubria      Tloc           N/A          83%         4    #####..


Dungeon Overview and Level Annotations

Branches:
Dungeon (1/15)

Altars:


Innate Abilities, Weirdness & Mutations

Your body is rotting away.
You thrive on raw meat.
You are immune to poison.
You have sharp fingernails.
You are carnivorous and can eat meat at any time.
Your flesh is cold resistant. (rC+)
You are immune to negative energy. (rN+++)
You do not regenerate when monsters are visible.
You are immune to unholy pain and torment.
You can survive without breathing.


Message History

A hobgoblin is nearby!
A hobgoblin is nearby!
You hit the hobgoblin. The hobgoblin hits you with a +0 club.
The hobgoblin closely misses you.
You riposte.
You slash the hobgoblin!
You kill the hobgoblin!
No target in view!
No target in view!
c - a scroll labeled ELAINK CUINK You see here a +0 club.
g - a scroll labeled DEGAGH CIYTHAWK A jackal comes into view.
The jackal barks!
A hobgoblin comes into view.
A jackal comes into view.
The hobgoblin shouts!
The jackal barks!
The jackal moves out of view.
Found a ration.
You slash the jackal!
You kill the jackal!
A goblin comes into view. It is wielding a +0 dagger.
The goblin shouts!
The jackal barely misses you.
Found a bubbling amethyst potion.
You barely miss the jackal. The jackal closely misses you.
The jackal bites you.
You barely miss the jackal. The jackal barely misses you. The jackal bites you.
You miss the jackal. The jackal bites you.
You hit the jackal but do no damage.
The jackal bites you but does no damage.
The jackal barely misses you.
You riposte.
Your leather armour prevents you from hitting the jackal.
You closely miss the jackal. The jackal closely misses you.
The jackal bites you.
* * * LOW HITPOINT WARNING * * *
You hit the jackal.
You kill the jackal!
Your Long Blades skill increases to level 2!
You closely miss the hobgoblin. The hobgoblin hits you.
* * * LOW HITPOINT WARNING * * *
You hit the goblin.
You kill the goblin!
The hobgoblin hits you.
* * * LOW HITPOINT WARNING * * *
You barely miss the hobgoblin. The hobgoblin closely misses you.
You hit the hobgoblin but do no damage. The hobgoblin hits you.
* * * LOW HITPOINT WARNING * * *
You see here a +0 club.
Okay, then.
You barely miss the hobgoblin. The hobgoblin hits you.
You die...

#..# ...# #..# #..#
##..# ### ##...# #.#
###.#..#
##'####g.##..#
+...'.@####).#######
#.<.#### ##........
+...+..## ##..######
##+## ..##...#
#.##..# #####....#
#........#
######...#
##..).....!


You could see a hobgoblin.

Vanquished Creatures
  A hobgoblin (D:1)
  2 jackals (D:1)
  A goblin (D:1)
4 creatures vanquished.

Notes
Turn   | Place    | Note
-------+----------+-------------------------------------------
     0 | D:1      | MalarOregon the Ghoul Warper began the quest for the Orb.
     0 | D:1      | Reached XP level 1. HP: 17/17 MP: 2/2
    51 | D:1      | Slain by a hobgoblin

Skill      XL: |  1 |
---------------+----+-----
Long Blades    | 2 |  2.0
Fighting       | |  2.3
Throwing       | |  0.8
Armour         | |  0.8
Dodging        | |  1.8
Spellcasting   | |  1.7
Translocations | |  2.6

Action                   || total
-------------------------++-------
Melee: Falchion          ||    13
Armor: Leather armour    ||     1
Dodge: Dodged            ||     7
       Rpst.: Falchion   ||     2
